 BcadrenCrawl: Boulder Brew version 0.06-688-g08e91b2d95 (webtiles) character file.

Game seed: 6044172257926292710

55 Angani the Caller (level 3, 0/4 HPs) Fairy Summoner. Began on Jan 17, 2023. Slain by a sewer rat (1 damage) ... on level 2 of the Dungeon. The game lasted 00:06:54 (1000 turns).

Angani the Caller (Fairy Summoner)                  Turns: 1000, Time: 00:06:55

Health: 0/4        AC:  0    Str:  2    XL:     3 ^: 18
Magic:  3/3        EV: 22    Int: 18    God:
Gold:   69         SH:  0    Dex: 17    Spells: 1/8 levels left

rFire    . . .     Slash    +   e - ring of wizardry
rCold    . . .     Pierce   +
rNeg     . . .     Bludgeon +
rCorr    . . .     Vision   .
rPois    .         Gourm    .
rElec    .         Faith    .
MR       .....     Spirit   .
HPRegen  0.11/turn Reflect  .
MPRegen  0.13/turn Harm     .
Stlth    +.........

@: glowing, slow
A: tiny, no armour or weapons, only one jewelry slot, no melee attacks, fairy
magic, fairy shield, decreased potion and divine healing, unfitting armour,
flight, slowness 1, fairy light 1, insubstantial
a: Fly


You were on level 2 of the Dungeon.
You were not hungry.

You visited 1 branch of the dungeon, and saw 2 of its levels.

You collected 69 gold pieces.

Inventory:

Jewellery
 e - a ring of wizardry (around core)
 i - an uncursed ring of protection from magic
Scrolls
 f - a scroll of fog
Potions
 c - a potion of magic
 d - a potion of haste
 g - a potion of amnesia
 h - a potion of lignification
Miscellaneous
 j - a fan of gales
Comestibles
 a - a chunk of flesh
 b - a ration


   Skills:
 + Level 3.8 Dodging
 - Level 1.4 Stealth
 + Level 3.3 Spellcasting
 + Level 4.5 Summonings
 - Level 1.1 Fire Magic


You had one spell level left.
You knew the following spells:

 Your Spells              Type           Power        Failure   Level  Hunger
a - Summon Small Mammal   Summ           19 (25)      1%          1    0
b - Foxfire               Fire           6 (25)       4%          1    0
c - Call Imp Summ 19 (100) 1% 2 20-60 d - Call Canine Familiar Summ           19 (100)     3%          3    60-120

Your spell library contained the following spells:

 Spells                   Type           Power        Failure   Level  Hunger
 Summon Ice Beast Ice/Summ 11 (100) 24% 4 140-240 Summon Lightning Spire Summ/Air       11 (100)     52%         5    260-420


Dungeon Overview and Level Annotations

Branches:
Dungeon (2/8)

Altars:


Innate Abilities, Weirdness & Mutations

You are too small to use any gear.
You can wear a single ring or amulet completely around your body.
You are incapable of melee of any kind.
Your magic reserves are extremely low but spells that normally cost one mana are free and all other spells cost one mana.
You are extremely frail but all attacks that strike you do exactly one damage.
The effect of potions and godly healing effects is reduced to match your tiny health and magic reserves.
You are able to fly continuously.
You cover ground slowly.
You exude a bright light in a small radius around yourself.
Your insubstantial form grants resistance to all physical attack and full immunity to sticky flames, nets and constriction. (rPhysical+)


Message History

Your bat barely misses the sewer rat.
Your quokka barely misses the sewer rat.
Your quokka closely misses the sewer rat.
The sewer rat bites you (2).
* * * LOW HITPOINT WARNING * * *
The sewer rat closely misses your quokka.
The sewer rat barely misses you.
Your bat hits the sewer rat but does no damage.
Your bat barely misses the sewer rat.
Your quokka barely misses the sewer rat.
The sewer rat barely misses your quokka.
Your quokka closely misses the sewer rat.
Unknown command.
Casting: Foxfire (safe; 4% risk of failure)
Confirm with . or Enter, or press ? or * to list all spells.
You don't know that spell.
Casting: Foxfire (safe; 4% risk of failure)
Confirm with . or Enter, or press ? or * to list all spells.
You conjure some foxfire!
The sewer rat bites you (4).
You die...

#........
#.≈≈.≈≈≈..
#.≈≈.≈≈≈.#.
#....≈≈≈≈..
##≈≈≈.≈≈≈..≈
..≈≈.≈≈;.#
#**.$.≈..#
#@≈†≈≈≈≈.#
#rrb≈≈≈≈.#
#r...≈≈≈.#
#.r§..≈..#
#.≈..≈PP.#
#.≈.≈P≈PP#
#.≈≈P≈≈P≈#
#.≈PP;≈PP#
#.PP≈P≈P≈#


You could see 3 submerged sewer rats, 2 neutral submerged slimeheads (passive),
a friendly quokka (summoned) and a friendly bat (summoned).

Vanquished Creatures (collateral kills)
  2 giant cockroaches (D:1)
  A sewer rat (D:2)
  4 cinder newts
  A dart slug (D:1)
  2 leopard geckos (D:1)
  6 bats (D:1)
  3 goblins (D:1)
  5 hobgoblins (D:1)
  2 kobolds (D:1)
  8 rats (D:1)
34 creatures vanquished.

Vanquished Creatures (others)
  A hobgoblin skeleton (D:2)
  6 foxfires (D:2)
  4 withered plants (D:2)
11 creatures vanquished.

Grand Total: 45 creatures vanquished

Notes
Turn   | Place    | Note
-------+----------+-------------------------------------------
     0 | D:1      | Angani the Fairy Summoner began the quest for the Orb.
     0 | D:1      | Reached XP level 1. HP: 3/3 MP: 3/3
    75 | D:1      | Reached XP level 2. HP: 3/3 MP: 3/3
   252 | D:1      | Learned a level 2 spell: Call Imp
   280 | D:1      | Reached XP level 3. HP: 4/4 MP: 2/3
   618 | D:1      | Learned a level 3 spell: Call Canine Familiar
  1000 | D:2      | Slain by a sewer rat

Illustrated notes

Levels and vault maps discovered:
D:1:      dpeg_arrival_solitude, layout_basic
D:2:      layout_sewer, first_ration, st_stairs_3

Skill      XL: |  1  2 |
---------------+-------+-----
Dodging        | 3 |  3.8
Spellcasting   | 3 |  3.3
Stealth        | |  1.4
Summonings     | |  4.5
Fire Magic     | |  1.1

Action                   || total
-------------------------++-------
 Cast: Summon Small Mamm ||    27
       Call Imp          ||    17
       Call Canine Famil ||    10
       Foxfire           ||     4
  Eat: Chunk             ||     2
Dodge: Dodged            ||    16
